[Event "WGM Marmaris Cleopatra 2018"]
[Site "Mentese Mugla"]
[Date "2018.10.26"]
[Round "2.6"]
[White "Tsatsalashvili, Keti"]
[Black "Ince, Safiye Oyku"]
[Result "1-0"]
[ECO "E17"]
[WhiteElo "2330"]
[BlackElo "1855"]
[Annotator "NA"]
[PlyCount "99"]
[EventDate "2018.10.26"]
[EventType "tourn"]
[EventCountry "TUR"]
[SourceTitle "playchess.com"]
[Source "ChessBase"]
[SourceQuality "1"]
[TimeControl "5400+30"]

1. Nf3 Nf6 2. d4 e6 3. c4 b6 4. g3 Bb7 5. Bg2 Be7 6. O-O O-O 7. Nc3 d6 8. Re1 Nbd7 9. e4 e5 10. d5 a5 11. a3 Nc5 12. b3 Bc8 13. Qc2 Bd7 14. Nd2 Nh5 15. Bb2 Bg5 16. Nf3 a4 17. b4 Nb3 18. Rad1 Be7 19. Qe2 g6 20. Nb1 Qc8 21. Nbd2 Nxd2 22. Nxd2 Bh3 23. Bxh3 Qxh3 24. f3 Bg5 25. Nb1 f5 26. Qg2 Qxg2+ 27. Kxg2 fxe4 28. Rxe4 Ng7 29. h4 Bf6 30. Nc3 Nf5 31. Nb5 Rf7 32. Bc3 Bg7 33. Be1 Bf6 34. Bf2 Kg7 35. Rh1 Raf8 36. g4 Nd4 37. g5 Nxf3 38. gxf6+ Kxf6 39. Re2 Kg7 40. Bg3 g5 41. hxg5 Nxg5 42. c5 bxc5 43. bxc5 Rb8 44. cxd6 Rxb5 45. dxc7 Rf8 46. Bxe5+ Kg6 47. d6 Ne6 48. Rc1 Nc5 49. Rxc5 Rxc5 50. d7 1-0

[Event "WGM Marmaris Cleopatra 2018"]
[Site "Mentese Mugla"]
[Date "2018.10.26"]
[Round "2.7"]
[White "Tereladze, Sopiko"]
[Black "Soyunlu, Narmin"]
[Result "1/2-1/2"]
[ECO "C29"]
[WhiteElo "2161"]
[BlackElo "2014"]
[Annotator "NA"]
[PlyCount "60"]
[EventDate "2018.10.26"]
[EventType "tourn"]
[EventCountry "TUR"]
[SourceTitle "playchess.com"]
[Source "ChessBase"]
[SourceQuality "1"]
[TimeControl "5400+30"]

1. e4 e5 2. Nc3 Nf6 3. f4 d5 4. fxe5 Nxe4 5. Nf3 Bg4 6. d3 Nc5 7. Be2 Ne6 8. O-O c6 9. d4 Be7 10. Be3 Nd7 11. Nd2 Bxe2 12. Qxe2 Nxe5 13. dxe5 d4 14. Nde4 dxe3 15. Qxe3 Qb6 16. Qxb6 axb6 17. Rad1 Rd8 18. Rxd8+ Nxd8 19. Rd1 Ne6 20. Na4 Nc5 21. Naxc5 Bxc5+ 22. Nxc5 bxc5 23. Kf2 Ke7 24. Kf3 Ra8 25. a3 Ra4 26. c3 Rh4 27. h3 Rh5 28. Kf4 Rh4+ 29. Kf3 Rh5 30. Kf4 Rh4+ 1/2-1/2

[Event "WGM Marmaris Cleopatra 2018"]
[Site "Mentese Mugla"]
[Date "2018.10.26"]
[Round "2.8"]
[White "Abdulla, Khayala"]
[Black "Arda, Cagýl Irmak"]
[Result "1-0"]
[ECO "B88"]
[WhiteElo "2168"]
[BlackElo "2096"]
[Annotator "NA"]
[PlyCount "111"]
[EventDate "2018.10.26"]
[EventType "tourn"]
[EventCountry "TUR"]
[SourceTitle "playchess.com"]
[Source "ChessBase"]
[SourceQuality "1"]
[TimeControl "5400+30"]

1. e4 c5 2. Nf3 Nc6 3. d4 cxd4 4. Nxd4 Nf6 5. Nc3 d6 6. Bc4 e6 7. Bb3 Be7 8. Be3 a6 9. f4 Qc7 10. Qf3 Bd7 11. O-O-O Rc8 12. g4 Nxd4 13. Rxd4 Bc6 14. g5 Nd7 15. Qh3 Nc5 16. Rf1 Nxb3+ 17. axb3 b5 18. f5 e5 19. Rd2 b4 20. Nd5 Bxd5 21. exd5 Qd7 22. Qh5 a5 23. g6 Bf6 24. Bg5 Bxg5 25. gxf7+ Qxf7 26. Qxg5 Qf6 27. Qh5+ Qf7 28. Qg4 Qf6 29. h4 Rc5 30. h5 Rf8 31. Kb1 Rf7 32. Rh2 Rxd5 33. h6 Rd4 34. Qe2 g6 35. Qb5+ Ke7 36. Qb7+ Ke8 37. Qc6+ Ke7 38. Rhf2 g5 39. Rg2 Qxh6 40. Qc7+ Ke8 41. Qc8+ Ke7 42. Rfg1 Rg7 43. c3 Rf4 44. cxb4 Qf6 45. Qc7+ Ke8 46. Qc6+ Ke7 47. bxa5 Qxf5+ 48. Ka2 e4 49. Qc7+ Qd7 50. Qc3 Rgf7 51. Rxg5 Rf3 52. Qb4 e3 53. Re5+ Kd8 54. Qb8+ Qc8 55. Qxd6+ Qd7 56. Qb8+ 1-0

[Event "WGM Marmaris Cleopatra 2018"]
[Site "Mentese Mugla"]
[Date "2018.10.26"]
[Round "2.9"]
[White "Dimitrijevic, Aleksandra"]
[Black "Okuyaz, Duru"]
[Result "1-0"]
[ECO "D45"]
[WhiteElo "2189"]
[BlackElo "2108"]
[Annotator "NA"]
[PlyCount "71"]
[EventDate "2018.10.26"]
[EventType "tourn"]
[EventCountry "TUR"]
[SourceTitle "playchess.com"]
[Source "ChessBase"]
[SourceQuality "1"]
[TimeControl "5400+30"]

1. c4 c6 2. Nc3 d5 3. e3 Nf6 4. Nf3 e6 5. Qc2 Nbd7 6. b3 Bd6 7. Bb2 O-O 8. Be2 a6 9. d4 b5 10. a3 Bb7 11. O-O bxc4 12. bxc4 dxc4 13. e4 e5 14. Rad1 Qc7 15. h3 Rfe8 16. Bxc4 exd4 17. Nxd4 Be5 18. Nf5 Nc5 19. Rfe1 Rad8 20. Rxd8 Rxd8 21. Rd1 Bc8 22. Re1 Bxc3 23. Qxc3 Na4 24. Nh6+ gxh6 25. Qxf6 Nxb2 26. Bxf7+ Qxf7 27. Qxd8+ Qf8 28. Qxf8+ Kxf8 29. Rb1 Ke7 30. Rxb2 Kd6 31. f4 Kc5 32. Kf2 Kd4 33. Rb4+ Kd3 34. f5 a5 35. Rb8 Ba6 36. e5 1-0

[Event "WGM Marmaris Cleopatra 2018"]
[Site "Mentese Mugla"]
[Date "2018.10.26"]
[Round "2.10"]
[White "Zozulia, Anna"]
[Black "Isgandarova, Khayala"]
[Result "1-0"]
[ECO "C07"]
[WhiteElo "2292"]
[BlackElo "2194"]
[Annotator "NA"]
[PlyCount "109"]
[EventDate "2018.10.26"]
[EventType "tourn"]
[EventCountry "TUR"]
[SourceTitle "playchess.com"]
[Source "ChessBase"]
[SourceQuality "1"]
[TimeControl "5400+30"]

1. e4 e6 2. d4 d5 3. Nd2 c5 4. Ngf3 Nf6 5. exd5 Nxd5 6. Nb3 Nd7 7. c4 N5f6 8. dxc5 Qc7 9. c6 bxc6 10. Be2 c5 11. O-O Bb7 12. Bg5 Bd6 13. Bh4 Ne4 14. Nbd2 f5 15. Nxe4 Bxe4 16. h3 h6 17. Nd2 Bc6 18. Bh5+ Kf8 19. Qe2 Be5 20. f4 g5 21. fxe5 gxh4 22. Rae1 Rg8 23. Bf3 Rb8 24. b3 Kg7 25. Bxc6 Qxc6 26. Nf3 Kh7 27. Rd1 Nf8 28. Rd6 Qe4 29. Qxe4 fxe4 30. Nxh4 Rg5 31. Re1 Rxe5 32. Nf3 Rf5 33. Rxe4 Rb7 34. Re5 Rxe5 35. Nxe5 Rc7 36. Kf2 Kg7 37. Rc6 Rxc6 38. Nxc6 a6 39. Nb8 a5 40. Nc6 Kf6 41. Nxa5 Ke5 42. Ke3 Ng6 43. Nb7 Nf4 44. g3 Nxh3 45. Nxc5 Kd6 46. Ne4+ Kc6 47. b4 e5 48. a4 Kb6 49. c5+ Kc6 50. b5+ Kc7 51. a5 Kb7 52. a6+ Ka7 53. c6 Kb6 54. Nc3 Ng5 55. Nd5+ 1-0

[Event "WGM Marmaris Cleopatra 2018"]
[Site "Mentese Mugla"]
[Date "2018.10.27"]
[Round "3.8"]
[White "Arda, Cagil Irmak"]
[Black "Tereladze, Sopiko"]
[Result "0-1"]
[ECO "C46"]
[WhiteElo "2096"]
[BlackElo "2161"]
[Annotator "NA"]
[PlyCount "150"]
[EventDate "2018.10.26"]
[EventType "tourn"]
[EventCountry "TUR"]
[SourceTitle "playchess.com"]
[Source "ChessBase"]
[SourceQuality "1"]
[TimeControl "5400+30"]

1. e4 e5 2. Nf3 Nc6 3. Nc3 d6 4. d4 Bg4 5. d5 Nd4 {[%emt 0:04:30] C46: 3 Nc3: Unusual Black 3rd moves} (5... Nce7 6. Be3 g6 7. Qd3 a6 8. Nd2 Bg7 9. f3 Bc8 10. O-O-O f5 11. Nc4 Nf6 12. Be2 O-O 13. Kb1 {0-1 (29) Lugovskoy,M (2431)-Inarkiev,E (2660) St Petersburg 2015}) 6. Be3 Nxf3+ 7. gxf3 Bd7 {[%emt 0:00:30] LiveBook: 6 Games} 8. h4 $146 ({Predecessor:} 8. f4 exf4 9. Bxf4 Ne7 10. Qd2 Ng6 11. Bg3 h5 12. f4 Be7 13. Rg1 {1-0 (65) Diamant,A (2472)-Rodriguez Vila,A (2524) Buenos Aires 2009}) 8... h5 9. Qd2 Be7 10. Bg5 Bxg5 11. hxg5 a6 12. f4 exf4 $1 13. Qxf4 Qe7 14. O-O-O (14. Qe3 $16) 14... O-O-O 15. Be2 g6 16. Qe3 Kb8 17. f4 Qe8 18. Qd4 Ne7 19. Qb4 Ka7 20. Qa3 Nc8 21. b4 Kb8 22. Rd4 Nb6 {[%emt 0:05:30] [#]} (22... Na7 $11) 23. Qa5 (23. b5 $1 $16 axb5 24. Rb4) 23... Na4 24. Nxa4 Bxa4 {[%emt 0:00:30] [#]} 25. c4 (25. Kd2 $1 $16) 25... Bd7 26. c5 Bc8 $2 (26... Bb5 $1 $11 {and Black is okay.} 27. Bxb5 Qxb5) 27. c6 ({Not} 27. cxd6 Rxd6 28. b5 b6 $11) 27... bxc6 28. Bxa6 Qd7 29. Bxc8 Rxc8 30. Rc4 cxd5 31. exd5 Kb7 32. Rc6 Ra8 33. Qb5+ Kc8 34. Rh2 (34. Kb2 $16) 34... Kd8 35. Rhc2 Rc8 (35... Re8 $11) 36. Qc4 Re8 {[%emt 0:00:42] [#]} 37. b5 $1 Qe7 38. a4 $2 (38. Kb2 $16 Qe4 {[#]} 39. Rxd6+ $1 (39. Rxc7 Qxc2+ 40. Qxc2 Rxc7 $11) 39... cxd6 40. Qxc8+ Ke7 41. Qc7+ Kf8 42. Qc4 (42. Qxd6+ Kg8 $16)) 38... Qe1+ 39. Kb2 Re4 40. Qc3 Qxc3+ 41. R2xc3 Rxa4 42. Kb3 Ra7 43. R3c4 (43. Ra6 $17 {might work better.} Rca8 44. Rcc6) 43... Rb8 44. Rb4 Rab7 45. Kc4 Kd7 46. Ra6 Re8 47. Kd3 h4 48. Ra2 {[%emt 0:00:51] [#]} Rh8 (48... h3 $1 $19 49. Rb3 Rh8) 49. Kc4 (49. Ke3 $17) 49... h3 50. Rh2 Rh4 51. Kb3 Rb8 52. Kb2 Ke7 53. Kb3 Kf8 {[%emt 0:01:23] [#]} 54. Ka4 (54. f5 $142 $1 Rh7 (54... gxf5 55. Rxh4) 55. fxg6 fxg6 56. Kc2) 54... Kg7 55. Rc4 Ra8+ 56. Kb3 Ra1 57. Rxc7 Rb1+ 58. Ka4 Rxf4+ 59. Ka5 Rf3 (59... Rb3 $17 60. b6 Rf5) 60. Rd7 $2 {[%emt 0:01:07] [#]} (60. Kb6 $11) 60... Rg1 $1 61. Rxd6 Rxg5 62. Rd8 Rg2 63. Rh1 h2 64. d6 Rd3 65. d7 g5 $2 ({Black should play} 65... Rb2 $19 66. Kb6 g5) 66. b6 $2 (66. Kb4 $17) 66... Rb2 67. Ka6 g4 68. Rc8 Rxd7 69. Rc4 f5 70. Rc3 Rd6 $19 71. Ka7 Rdxb6 72. Rxh2 Rb7+ 73. Ka6 Rxh2 74. Kxb7 Kf6 75. Kc6 Rd2 0-1

[Event "WGM Marmaris Cleopatra 2018"]
[Site "Mentese Mugla"]
[Date "2018.10.27"]
[Round "3.9"]
[White "Okuyaz, Duru"]
[Black "Abdulla, Khayala"]
[Result "0-1"]
[ECO "B41"]
[WhiteElo "2108"]
[BlackElo "2168"]
[Annotator "NA"]
[PlyCount "106"]
[EventDate "2018.10.26"]
[EventType "tourn"]
[EventCountry "TUR"]
[SourceTitle "playchess.com"]
[Source "ChessBase"]
[SourceQuality "1"]
[TimeControl "5400+30"]

1. e4 c5 2. Nf3 a6 3. c4 d6 4. d4 cxd4 5. Nxd4 Nf6 6. Nc3 e6 7. Be2 Qc7 8. O-O Be7 {[%emt 0:00:30] B41: Sicilian: Kan Variation: 5 c4} (8... b6 9. Be3 Bb7 10. f3 Be7 11. Qd2 O-O 12. Rfc1 Rc8 13. Kh1 Nbd7 14. a4 Rab8 15. b4 Qd8 16. Nb3 Ba8 17. a5 bxa5 18. Nxa5 Rxb4 19. Nb5 axb5 20. Qxb4 bxc4 21. Rxc4 {1-0 (99) Duda,J (2671)-Artemiev,V (2653) Martuni 2016}) 9. Be3 b6 10. f4 Bb7 11. Qd3 Nbd7 12. b4 O-O 13. Rac1 {[%emt 0:03:30] LiveBook: 11 Games} Rac8 14. g4 Rfd8 (14... h6 $14) 15. g5 Ne8 $146 ({Predecessor:} 15... Nc5 16. bxc5 dxc5 17. gxf6 gxf6 {1-0 (27) Marrero Lopez,Y (2281)-Suasnabar,J (2003) Bogota 2015}) 16. Qd2 (16. Bg4 $18) 16... Bf8 (16... d5 $1 $11) 17. f5 exf5 18. Nd5 Qb8 19. Nxf5 Bxd5 20. Qxd5 (20. exd5 $16 Ne5 21. Nd4) 20... Ne5 21. Bf4 Nc7 22. Qd2 Ne6 23. Bg3 b5 24. c5 Qa7 (24... dxc5 $5 25. Qb2 $8 Nd4 26. Nxd4 Rxd4 $15) 25. Qb2 (25. Qe3 $1 $11 {remains equal.}) 25... Nc6 26. Bf2 (26. Bh5 $11 g6 27. Bxd6 Rxd6 28. Nxd6 Bxd6 29. Bg4) 26... dxc5 27. bxc5 Nxg5 28. Be3 Nxe4 (28... Ne6 $17 29. Bg4 Qc7) 29. Bf3 Re8 $2 (29... Nf6 $1 $11 {and Black is okay.}) 30. Qg2 Nf6 {[%emt 0:07:07] [#]} 31. Bxc6 $2 (31. Bh6 $1 $18 Bxc5+ 32. Kh1) 31... Rxe3 $1 32. Nxe3 Bxc5 33. Kh1 Bxe3 34. Rcd1 Bd4 35. Rf4 Be5 36. Rf5 Qe3 (36... Qb6 $15) 37. Rf3 {[%emt 0:02:47] [#]} (37. Qf3 $11 {keeps the balance.} Qc5 38. Bb7) 37... Qb6 $1 38. Rfd3 g6 39. Bf3 Rc4 40. Qe2 Qc7 41. Re1 $1 Bd6 $2 ({Better is} 41... Rc5 $19 42. Qg2 Kg7) 42. Red1 $1 Be5 43. Re1 Bd6 44. Red1 Bf4 45. Qb2 Kg7 46. Rd7 Rc2 47. Qd4 $2 (47. Rxc7 Rxb2 48. Rb7) 47... Qxd7 48. Qxf4 (48. Qxd7 $142 Nxd7 49. Rxd7) 48... Qh3 49. Bb7 Qg4 50. Qd6 Qe2 51. Ba8 Ng4 52. Qd4+ f6 53. Qd7+ Kh6 0-1

[Event "WGM Marmaris Cleopatra 2018"]
[Site "Mentese Mugla"]
[Date "2018.10.27"]
[Round "4.6"]
[White "Dimitrijevic, Aleksandra"]
[Black "Ince, Safiye Oyku"]
[Result "1-0"]
[ECO "B40"]
[WhiteElo "2189"]
[BlackElo "1855"]
[Annotator "NA"]
[PlyCount "53"]
[EventDate "2018.10.26"]
[EventType "tourn"]
[EventCountry "TUR"]
[SourceTitle "playchess.com"]
[Source "ChessBase"]
[SourceQuality "1"]
[TimeControl "5400+30"]

1. e4 c5 2. Nf3 e6 3. b3 Nc6 4. Bb2 d5 5. exd5 exd5 6. Bb5 Nf6 7. O-O Be7 8. d4 O-O 9. dxc5 Bxc5 10. Nc3 Bg4 11. h3 Bh5 12. Be2 Re8 13. a3 a6 14. b4 Bf8 15. Nd4 Bxe2 16. Ncxe2 Ne5 17. Nf5 Rc8 18. Bd4 Ne4 19. Nfg3 Qc7 20. c3 Nc4 21. Re1 Bd6 22. Qd3 Re6 23. Nf1 Rce8 24. f3 Ng3 25. Nfxg3 Bxg3 26. Bf2 Ne3 27. Nxg3 1-0

[Event "WGM Marmaris Cleopatra 2018"]
[Site "Mentese Mugla"]
[Date "2018.10.27"]
[Round "4.7"]
[White "Zozulia, Anna"]
[Black "Soyunlu, Narmin"]
[Result "0-1"]
[ECO "C95"]
[WhiteElo "2292"]
[BlackElo "2014"]
[Annotator "NA"]
[PlyCount "155"]
[EventDate "2018.10.26"]
[EventType "tourn"]
[EventCountry "TUR"]
[SourceTitle "playchess.com"]
[Source "ChessBase"]
[SourceQuality "1"]
[TimeControl "5400+30"]

1. e4 e5 2. Nf3 Nc6 3. Bb5 a6 4. Ba4 Nf6 5. O-O Be7 6. Re1 b5 7. Bb3 d6 8. c3 O-O 9. h3 Nb8 10. d4 Nbd7 11. Nbd2 Bb7 12. Bc2 Re8 13. Nf1 Bf8 14. Ng3 g6 15. Bd2 c5 16. d5 Nb6 17. Qc1 h5 18. Bg5 Be7 19. Bh6 Nh7 20. Nf1 Bc8 21. N3h2 Bg5 22. Bxg5 Qxg5 23. Qxg5 Nxg5 24. h4 Nh7 25. Ne3 Bd7 26. f3 Nc4 27. Nxc4 bxc4 28. Nf1 Reb8 29. Reb1 a5 30. Ne3 Bb5 31. Bd1 Nf6 32. Be2 a4 33. Bxc4 Kf8 34. b4 axb3 35. axb3 Rxa1 36. Rxa1 Nd7 37. Ra3 Ke7 38. Kf2 Bxc4 39. Nxc4 f5 40. Ke3 fxe4 41. fxe4 Nf6 42. Ra7+ Nd7 43. Na5 Rb5 44. Kd3 Ke8 45. Kc4 Rb8 46. Nc6 Rb6 47. b4 cxb4 48. cxb4 Nf6 49. Kd3 Kf8 50. Ra8+ Kf7 51. Ra7+ Kf8 52. Ra4 Kf7 53. Na5 Ke7 54. Nc6+ Kf7 55. Nd8+ Ke7 56. Ne6 Rb7 57. Ng5 Ng4 58. Kc3 Rc7+ 59. Kb3 Ne3 60. Ra2 Ng4 61. b5 Kd7 62. Kb4 Ne3 63. Kb3 Rb7 64. Re2 Rxb5+ 65. Ka4 Nd1 66. Kxb5 Nc3+ 67. Kc4 Nxe2 68. Ne6 Ke7 69. Kd3 Nf4+ 70. Nxf4 exf4 71. Ke2 Kf6 72. Kf2 g5 73. Kf3 Kg6 74. e5 dxe5 75. Ke4 g4 76. Kxe5 f3 77. d6 Kf7 78. Kd4 0-1

[Event "WGM Marmaris Cleopatra 2018"]
[Site "Mentese Mugla"]
[Date "2018.10.27"]
[Round "4.8"]
[White "Tsatsalashvili, Keti"]
[Black "Arda, Cagil Irmak"]
[Result "1-0"]
[ECO "E52"]
[WhiteElo "2330"]
[BlackElo "2096"]
[Annotator "NA"]
[PlyCount "69"]
[EventDate "2018.10.26"]
[EventType "tourn"]
[EventCountry "TUR"]
[SourceTitle "playchess.com"]
[Source "ChessBase"]
[SourceQuality "1"]
[TimeControl "5400+30"]

1. d4 Nf6 2. c4 e6 3. Nc3 Bb4 4. e3 O-O 5. Bd3 d5 6. Nf3 b6 7. O-O Bb7 8. cxd5 exd5 9. Qc2 a6 10. Ne5 Bd6 11. f4 c5 12. Rf3 cxd4 13. exd4 Nc6 14. Nxc6 Bxc6 15. Rh3 h6 16. Bd2 Re8 17. Rf1 Bb7 18. f5 Ne4 19. Bxe4 dxe4 20. f6 Bf8 21. Be3 Re6 22. fxg7 Bxg7 23. Rg3 Rc8 24. Qf2 Qe7 25. d5 Rg6 26. Bxb6 Bxc3 27. d6 e3 28. Bxe3 Be1 29. Rxg6+ fxg6 30. dxe7 Bxf2+ 31. Rxf2 Re8 32. Bc5 Kg7 33. Rf8 Bc6 34. Bd4+ Kh7 35. Rf7+ 1-0

[Event "WGM Marmaris Cleopatra 2018"]
[Site "Mentese Mugla"]
[Date "2018.10.27"]
[Round "4.9"]
[White "Tereladze, Sopiko"]
[Black "Okuyaz, Duru"]
[Result "1-0"]
[ECO "D04"]
[WhiteElo "2161"]
[BlackElo "2108"]
[Annotator "NA"]
[PlyCount "65"]
[EventDate "2018.10.26"]
[EventType "tourn"]
[EventCountry "TUR"]
[SourceTitle "playchess.com"]
[Source "ChessBase"]
[SourceQuality "1"]
[TimeControl "5400+30"]

1. Nf3 d5 2. d4 Nf6 3. e3 c5 4. b3 Nc6 5. Bb2 Bg4 6. Be2 e6 7. O-O Bd6 8. h3 Bh5 9. c4 dxc4 10. bxc4 cxd4 11. exd4 O-O $11 12. Nbd2 Rc8 13. Rc1 Bf4 14. Ra1 Na5 15. g3 Bd6 16. Rc1 Bb4 17. Ne5 Bxe2 18. Qxe2 Nd7 19. Ndf3 Bd6 20. Rfd1 Nf6 21. g4 Qc7 22. g5 Nd7 23. Nxd7 Qxd7 24. d5 e5 25. c5 Bxc5 26. Qxe5 f6 27. Qe6+ Qxe6 28. dxe6 fxg5 29. Rd7 Rxf3 30. Rxc5 Rxc5 31. Rd8+ Rf8 32. e7 Rcf5 33. Ba3 1-0

[Event "WGM Marmaris Cleopatra 2018"]
[Site "Mentese Mugla"]
[Date "2018.10.29"]
[Round "7.8"]
[White "Arda, Cagil Irmak"]
[Black "Abdulla, Khayala"]
[Result "1/2-1/2"]
[ECO "A31"]
[WhiteElo "2096"]
[BlackElo "2168"]
[Annotator "RC"]
[PlyCount "90"]
[EventDate "2018.10.26"]
[EventType "tourn"]
[EventCountry "TUR"]
[SourceTitle "playchess.com"]
[Source "ChessBase"]
[SourceQuality "1"]
[TimeControl "5400+30"]

1. e4 c5 2. Nf3 e6 3. d4 cxd4 4. Nxd4 a6 5. c4 Nf6 6. Nc3 Qc7 7. a3 b6 8. Be3 Bb7 9. f3 d6 10. Be2 Be7 11. O-O Nbd7 12. Qd2 Rc8 13. Rac1 Qb8 14. b4 O-O 15. Rfd1 Rfe8 16. Nb3 Bf8 17. Na4 Bc6 18. Nb2 Bb7 19. Bf4 Ne5 20. Qe3 Ned7 21. Qf2 Be7 22. Na4 Bc6 23. Nb2 Nh5 24. Be3 Nhf6 25. g4 h6 26. Bf4 Nf8 27. c5 e5 28. cxd6 Bxd6 29. Be3 Bb5 30. Bxb5 axb5 31. Bxb6 Rxc1 32. Rxc1 Ne6 33. Nd3 Qa8 34. Na5 Nd7 35. Be3 Bc7 36. Nb3 Qxa3 37. Qc2 Qa6 38. Ndc5 Ndxc5 39. Nxc5 Nxc5 40. Qxc5 Bd6 41. Qa7 Qxa7 42. Bxa7 Bxb4 43. Rb1 Ra8 44. Rxb4 Rxa7 45. Rxb5 f6 1/2-1/2

[Event "WGM Marmaris Cleopatra 2018"]
[Site "Mentese Mugla"]
[Date "2018.10.29"]
[Round "8.6"]
[White "Zozulia, Anna"]
[Black "Ince, Safiye Oyku"]
[Result "1-0"]
[ECO "B40"]
[WhiteElo "2292"]
[BlackElo "1855"]
[Annotator "NA"]
[PlyCount "71"]
[EventDate "2018.10.26"]
[EventType "tourn"]
[EventCountry "TUR"]
[SourceTitle "playchess.com"]
[Source "ChessBase"]
[SourceQuality "1"]
[TimeControl "5400+30"]

1. e4 c5 2. Nf3 e6 3. b3 d5 4. exd5 exd5 5. d4 Nf6 6. Bb5+ Nc6 7. O-O {[%emt 0:01:30] LiveBook: 6 Partien} Be7 8. dxc5 O-O 9. Bxc6 bxc6 10. Be3 Bg4 11. Nbd2 a5 12. c4 dxc4 $14 13. Nxc4 Nd5 14. Rc1 Nxe3 15. Nxe3 Qxd1 16. Rfxd1 Bxf3 17. gxf3 Rfd8 18. Rxd8+ Rxd8 19. Nc4 Ra8 20. Ne5 Ra6 21. Rd1 f6 22. Rd7 Kf8 23. Nd3 f5 24. Kf1 Bf6 25. Ke2 Ke8 26. Rb7 Kd8 27. Ke3 h6 28. Kf4 g6 29. Rf7 Be7 30. Ke5 Ra7 31. Ke6 Ke8 32. Ne5 Bxc5 33. Rxa7 Bxa7 34. Nxc6 Bxf2 35. Nxa5 Bg1 36. h3 1-0

[Event "WGM Marmaris Cleopatra 2018"]
[Site "Mentese Mugla"]
[Date "2018.10.29"]
[Round "8.7"]
[White "Tsatsalashvili, Keti"]
[Black "Soyunlu, Narmin"]
[Result "1-0"]
[ECO "E53"]
[WhiteElo "2330"]
[BlackElo "2014"]
[Annotator "NA"]
[PlyCount "67"]
[EventDate "2018.10.26"]
[EventType "tourn"]
[EventCountry "TUR"]
[SourceTitle "playchess.com"]
[Source "ChessBase"]
[SourceQuality "1"]
[TimeControl "5400+30"]

1. d4 Nf6 2. c4 e6 3. Nc3 Bb4 4. e3 O-O 5. Bd3 d5 6. Nf3 c5 7. a3 Bxc3+ 8. bxc3 dxc4 9. Bxc4 Qc7 10. Be2 {[%emt 0:01:30] LiveBook: 46 Games} Nbd7 {[%emt 0:11:00] E53: Nimzo-Indian: Rubinstein: Main Line (4...0-0 5 Nf3 d5 6 Bd3 c5 7 0-0)} (10... b6 11. O-O Bb7 12. Bb2 Nbd7 13. h3 Rfd8 14. a4 Rac8 15. a5 h6 16. axb6 axb6 17. Ra7 Ra8 18. Rxa8 Rxa8 19. c4 Rc8 20. Qb3 Qc6 {½-½ (51) Nepomniachtchi,I (2768)-Inarkiev,E (2690) Satka 2018}) 11. O-O e5 12. a4 $146 ({Predecessor:} 12. Bb2 b6 13. dxe5 Nxe5 14. c4 Ned7 15. Qd3 Bb7 16. Rfd1 Rfd8 17. Qf5 Qc6 18. Qg5 {1-0 (33) Spacek,P (2423)-Hosek,M (2302) Czechia 2008}) 12... e4 13. Nd2 b6 14. a5 Bb7 15. Bb2 Rfd8 16. Qb3 bxa5 (16... cxd4 $142 17. cxd4 Bd5) 17. Qa3 Nb6 18. Qxa5 Rd5 19. c4 Rg5 20. d5 Ng4 21. Bxg4 Rxg4 22. h3 Rh4 23. Qc3 f6 24. Qc2 Re8 25. Rxa7 Nc8 26. Qa4 $18 Re7 27. Ra5 Nb6 28. Qb5 Nd7 29. Rd1 Bc8 30. Nf1 Qd6 31. Qc6 Qxc6 32. dxc6 Nb6 33. Rb5 Nxc4 34. Rd8+ 1-0

[Event "WGM Marmaris Cleopatra 2018"]
[Site "Mentese Mugla"]
[Date "2018.10.29"]
[Round "8.8"]
[White "Tereladze, Sopiko"]
[Black "Arda, Cagil Irmak"]
[Result "1/2-1/2"]
[ECO "D02"]
[WhiteElo "2161"]
[BlackElo "2096"]
[Annotator "NA"]
[PlyCount "65"]
[EventDate "2018.10.26"]
[EventType "tourn"]
[EventCountry "TUR"]
[SourceTitle "playchess.com"]
[Source "ChessBase"]
[SourceQuality "1"]
[TimeControl "5400+30"]

1. d4 Nf6 2. Nf3 d5 3. Bf4 c5 4. e3 Nc6 5. Nc3 Bg4 6. Be2 e6 7. O-O {[%emt 0:08:30] LiveBook: 20 Games} Be7 8. Ne5 cxd4 9. exd4 Bxe2 10. Nxe2 Rc8 11. c3 O-O 12. Ng3 b5 13. a3 a5 14. Re1 $11 g6 15. Bh6 Re8 16. Qe2 Qb6 17. Nxf7 Nxd4 18. cxd4 Kxf7 19. Rad1 Rc6 20. Nf1 Kg8 21. Ne3 Bf8 22. Bxf8 Rxf8 23. Ng4 Nxg4 24. Qxg4 Rf5 25. Re2 Qc7 26. h3 Qf4 27. Qxf4 Rxf4 28. Rd3 b4 29. g3 Rf8 30. Kg2 Rb8 31. axb4 axb4 32. Kf3 Rf8+ 33. Ke3 1/2-1/2

[Event "WGM Marmaris Cleopatra 2018"]
[Site "Mentese Mugla"]
[Date "2018.10.29"]
[Round "8.9"]
[White "Abdulla, Khayala"]
[Black "Okuyaz, Duru"]
[Result "1-0"]
[ECO "C13"]
[WhiteElo "2168"]
[BlackElo "2108"]
[Annotator "NA"]
[PlyCount "59"]
[EventDate "2018.10.26"]
[EventType "tourn"]
[EventCountry "TUR"]
[SourceTitle "playchess.com"]
[Source "ChessBase"]
[SourceQuality "1"]
[TimeControl "5400+30"]

1. e4 e6 2. d4 d5 3. Nc3 Nf6 4. Bg5 dxe4 5. Nxe4 Be7 6. Bxf6 gxf6 7. Nf3 f5 8. Nc3 a6 {[%emt 0:01:30] C13: French: Classical System: 4 Bg5 Be7, Alekhine-Chatard Attack} 9. g3 (9. Qd2 b5 10. O-O-O b4 11. Na4 Qd5 12. b3 Bd7 13. Bc4 Qd6 14. d5 e5 15. Rhe1 e4 16. Nd4 {1-0 (40) Carlsen,M (2832)-Grischuk,A (2750) chess.com INT 2017}) 9... b5 10. Bg2 Bb7 11. O-O O-O {[%emt 0:00:30] LiveBook: 58 Games} 12. Ne5 Bxg2 13. Kxg2 Ra7 14. Re1 b4 $146 ({Besser ist} 14... Bf6 $11) ({Predecessor:} 14... Qd6 15. Qh5 Nd7 16. Nxd7 Qxd7 {1-0 (40) Can,I (2265)-Okuyaz,D (2238) Djenovici 2017}) 15. Na4 Qe8 16. Nc5 Nc6 17. Ned7 Qa8 18. Nxf8 Nxd4+ 19. f3 Bxc5 20. Nd7 Qc6 21. Ne5 Qd6 22. Qd3 Rb7 23. Nc4 Qe7 24. Rad1 $18 Rb8 25. c3 bxc3 26. bxc3 Nb5 27. Ne5 Qd6 28. Nd7 Rc8 29. Qc4 Bd4 30. a4 1-0

[Event "WGM Marmaris Cleopatra 2018"]
[Site "Mentese Mugla"]
[Date "2018.10.30"]
[Round "10.6"]
[White "Abdulla, Khayala"]
[Black "Ince, Safiye Oyku"]
[Result "1-0"]
[ECO "B44"]
[WhiteElo "2168"]
[BlackElo "1855"]
[Annotator "ChessBase"]
[PlyCount "73"]
[EventDate "2018.10.26"]
[EventType "tourn"]
[EventCountry "TUR"]
[SourceTitle "playchess.com"]
[Source "ChessBase"]
[SourceQuality "1"]
[TimeControl "5400+30"]

1. e4 c5 2. Nf3 e6 3. d4 cxd4 4. Nxd4 Nc6 5. Nb5 d6 6. c4 a6 7. N5a3 Nf6 8. Nc3 Qc7 9. Be2 Be7 10. O-O b6 11. Be3 Bb7 12. Rc1 Ne5 13. f3 O-O 14. Qd2 Rac8 15. Rfd1 Ned7 16. Bf1 Qb8 17. Kh1 Qa8 18. Na4 Qa7 19. Qb4 a5 20. Qd2 Bc6 21. Nc3 Rfd8 22. Nab5 Qb8 23. Bf4 Ne5 24. Qf2 Ng6 25. Be3 Nd7 26. a3 Re8 27. Rc2 Nge5 28. b3 Nc5 29. b4 axb4 30. axb4 Na6 31. Rb1 Nd7 32. Ra2 Bxb5 33. Nxb5 Qb7 34. Qd2 Ne5 35. Rba1 Nb8 36. Ra7 Qc6 37. Nd4 1-0

[Event "WGM Marmaris Cleopatra 2018"]
[Site "Mentese Mugla"]
[Date "2018.10.30"]
[Round "10.10"]
[White "Tereladze, Sopiko"]
[Black "Isgandarova, Khayala"]
[Result "1/2-1/2"]
[ECO "D36"]
[WhiteElo "2161"]
[BlackElo "2194"]
[Annotator "NA"]
[PlyCount "35"]
[EventDate "2018.10.26"]
[EventType "tourn"]
[EventCountry "TUR"]
[SourceTitle "playchess.com"]
[Source "ChessBase"]
[SourceQuality "1"]
[TimeControl "5400+30"]

1. d4 d5 2. c4 e6 3. cxd5 exd5 4. Nc3 Nf6 5. Nf3 Bd6 6. Bg5 c6 7. e3 O-O 8. Bd3 Nbd7 9. O-O h6 10. Bh4 Qc7 11. Qc2 a6 12. Rac1 Re8 13. Rfe1 Bf8 14. Bg3 Bd6 15. Bh4 Bf8 16. Bg3 Bd6 17. Bh4 Bf8 18. Bg3 1/2-1/2